 Dungeon Crawl Stone Soup version 0.28-a0-561-gc72452776e (webtiles) character file.

Game seed: 9685969412611320634

34 Conn the Firebug (level 3, -1/21 HPs)
             Began as an Octopode Fire Elementalist on Sept 29, 2021.
             Slain by an adder (2 damage)
             ... on level 1 of the Dungeon.
             The game lasted 00:02:10 (1465 turns).

Conn the Firebug (Octopode Fire Elementalist)       Turns: 1465, Time: 00:02:10

Health: -1/21      AC:  1    Str:  7    XL:     3   Next: 31%
Magic:  6/6        EV: 28    Int: 18    God:
Gold:   44         SH:  0    Dex: 12    Spells: 5/6 levels left

rFire   . . .      SeeInvis .   c - +0 short sword
rCold   . . .      Faith    .   (no shield)
rNeg    . . .      Spirit   .   (helmet restricted)
rPois   .          Reflect  .   a - amulet of the acrobat
rElec   .          Harm     .   (no ring)
rCorr   .          Rampage  .   (no ring)
Will    .....                   (no ring)
Stlth   +++.......              (no ring)
HPRegen 0.07/turn               (no ring)
MPRegen 0.10/turn               (no ring)
                                (no ring)
                                (no ring)

@: lethally poisoned (-1 -> -6), acrobatic
A: almost no armour, amphibious, 8 rings, camouflage 1, gelatinous body 1,
(nimble swimmer 1), tentacles
a: no special abilities


You were on level 1 of the Dungeon.
You visited 1 branch of the dungeon, and saw 2 of its levels.

You collected 44 gold pieces.

Inventory:

Hand Weapons
 c - a +0 short sword (weapon)
Jewellery
 a - an amulet of the acrobat (around mantle)
Scrolls
 b - 2 scrolls of teleportation {unknown}


   Skills:
 + Level 2.1 Dodging
 + Level 3.2 Stealth
 + Level 2.2 Spellcasting
 + Level 1.3 Conjurations
 + Level 3.7 Fire Magic


You had 5 spell levels left.
You knew the following spells:

 Your Spells              Type           Power      Damage    Failure   Level
a - Foxfire               Conj/Fire      44%        2x1d6     6%          1

Your spell library contained the following spells:

 Spells                   Type           Power      Damage    Failure   Level
 Scorch                   Fire           30%        2d7       6%          2
 Conjure Flame            Conj/Fire      11%        6-21      19%         3
 Inner Flame              Hex/Fire       8%         N/A       24%         3
 Flame Wave               Conj/Fire      11%        3d4       54%         4


Dungeon Overview and Level Annotations

Branches:
Dungeon (2/15)

Altars:


Innate Abilities, Weirdness & Mutations

You cannot wear most types of armour.
You are amphibious.
You can wear up to eight rings at the same time.
Your skin changes colour to match your surroundings (Stealth+).
Your rubbery body absorbs attacks. (AC +1, EV +1)
((You are camouflaged near water. (Stealth+)))
You have tentacles for arms and can constrict up to eight enemies at once.


Message History

Unknown command.
You feel sick.
Your foxfire dissipates!
You feel sick.
Your foxfire dissipates!
* * * LOW HITPOINT WARNING * * *
You feel sick.
You feel sick.
You feel sick.
You feel sick.
You feel sick.
You are no longer poisoned.
Magic restored.
HP restored.
Done exploring.
Done exploring.
There is a stone staircase leading down here.
You climb downwards.
The adder bites you.
You are poisoned.
The adder poisons you! The adder misses you.
The kobold hits you with a +0 short sword.
The kobold hits you with a +0 whip.
There is a stone staircase leading up here.
You feel sick. The adder bites you.
You are lethally poisoned!
The adder poisons you!
The kobold hits you with a +0 short sword.
The kobold hits you with a +0 whip.
* * * LOW HITPOINT WARNING * * *
The kobold throws a stone.
The stone closely misses you.
The stone closely misses the kobold.
The adder bites you but does no damage.
You climb upwards.
* * * LOW HITPOINT WARNING * * *
You feel very sick.
There is a stone staircase leading down here.
Unknown command.
You aren't carrying any potions.
* * * LOW HITPOINT WARNING * * *
You feel sick. The adder bites you.
You die...

≈.≈...≈........#...# #.#.....
......####.....#...# #.#.....
.....## #####.#...# #.#.....
##############.#...#######.#.....
#.......................##.#.....
#.............#.#..#.....#.#.....
#.............#....#.##..#.#.....
#.............##.S.#.##..#.#.....
..............'.@KK......#.#.....
..............####.#.###.#.#.....
..........##### ###.###.#.#.....
..........# #####.#...#.#.....
..........# #.....#.###.......
..........# #.#####.#########.
...######## #.#...........# #.
#### #.....#.#####.# #. #.#####.#
#.###.


You could see an adder and 2 kobolds.

Vanquished Creatures
  An adder (D:1)
  2 bats (D:1)
  3 endoplasms (D:1)
  2 goblins (D:1)
  2 hobgoblins (D:1)
  2 quokkas (D:1)
  2 ball pythons (D:1)
  A frilled lizard (D:1)
  5 kobolds (D:1)
  2 rats (D:1)
  A spectral kobold (D:1)
23 creatures vanquished.

Vanquished Creatures (others)
  52 foxfires (D:1)
52 creatures vanquished.

Grand Total: 75 creatures vanquished

Notes
Turn   | Place    | Note
-------+----------+-------------------------------------------
     0 | D:1      | Conn the Octopode Fire Elementalist began the quest for the
                  | Orb.
     0 | D:1      | Reached XP level 1. HP: 11/11 MP: 3/3
   220 | D:1      | Found a faded altar of an unknown god.
   262 | D:1      | Reached XP level 2. HP: 16/17 MP: 1/5
   831 | D:1      | Reached XP level 3. HP: 20/21 MP: 6/6
  1465 | D:1      | HP: 1/21 [poisoned by an adder]
  1465 | D:1      | Slain by an adder

Illustrated notes

Levels and vault maps discovered:
D:1:      heliophobic_arrival_battle_scene, layout_basic,
          dreamdust_ecumenical_altar_drowned_temple
D:2:      layout_rooms

Skill      XL: |  1 |
---------------+----+-----
Stealth        | 3 |  3.2
Dodging        | |  2.1
Spellcasting   | |  2.2
Conjurations   | |  1.3
Fire Magic     | |  3.7

Action                   || total
-------------------------++-------
Melee: Unarmed           ||     4
       Constrict         ||     3
       Short sword       ||     3
 Cast: Foxfire           ||    31
 Stab: Sleeping          ||     2
Armor: Skin              ||     2
Dodge: Dodged            ||    12

Table legend: (Time is in decaauts)
 A = Elapsed time spent in this place.
 B = Non-inter-level travel time spent in this place.
 C = Inter-level travel time spent in this place.
 D = Time resting spent in this place.
 E = Time spent auto-exploring this place.
 F = Levels seen in this place.
 G = Mean time per level.
                   A        B        C        D        E       F      G
               +--------+--------+--------+--------+--------+-----+--------+
         Total |   1466 |   1440 |     26 |      0 |   1188 |   2 |  733.0 |
       Dungeon |   1466 |   1440 |     26 |      0 |   1188 |   2 |  733.0 |
               +--------+--------+--------+--------+--------+-----+--------+

Top non-repeatable levels by time:
     D:1: 1460 daAuts
     D:2: 5 daAuts
